 Dungeon Crawl Stone Soup version 0.21-a0-513-gdcb3f5e (webtiles) character file.

189 Ghella the Shield-Bearer (level 5, -5/28 HPs)
             Began as a Vine Stalker Fighter on Dec 3, 2017.
             Slain by Crazy Yiuf
             ... wielding a +2 quarterstaff of chaos
              (12 damage)
             ... on level 2 of the Dungeon.
             The game lasted 00:05:31 (1750 turns).

Ghella the Shield-Bearer (Vine Stalker Fighter)     Turns: 1750, Time: 00:05:33

Health: -5/28      AC: 10    Str: 19    XL:     5   Next: 68%
Magic:  0/6        EV:  7    Int:  8    God:
Gold:   141        SH:  9    Dex: 14    Spells: 4/4 levels left

rFire    . . .     SeeInvis .   a - +0 flail
rCold    . . .     Gourm    .   c - +0 shield
rNeg     . . .     Faith    .   b - +0 scale mail
rPois    .         Spirit   +   i - +2 helmet
rElec    .         Reflect  .   h - scarf {repulsion}
rCorr    .         Harm     .   (no gloves)
MR       .....                  (no boots)
Stlth    ..........             (no amulet)
HPRegen  0.49/turn              (no ring)
MPRegen  0.10/turn              (no ring)

@: lethally poisoned (-5 -> -6), repel missiles
A: fangs 2, regeneration 1, magic shield, antimagic bite, no potion heal 3, rot
immunity
a: no special abilities


You were on level 2 of the Dungeon.
You were not hungry.

You visited 1 branch of the dungeon, and saw 2 of its levels.

You collected 141 gold pieces.

Inventory:

Hand Weapons
 a - a +0 flail (weapon)
Armour
 b - a +0 scale mail (worn)
 c - a +0 shield (worn)
 h - a scarf of repulsion (worn)
 i - a +2 helmet (worn)
 q - a scarf of repulsion
Wands
 d - a wand of digging (18)
 p - a wand of flame (22)
Scrolls
 e - 2 scrolls of identify {unknown}
 g - 2 scrolls of amnesia {unknown}
 l - 3 scrolls of remove curse {unknown}
 m - a scroll of magic mapping {unknown}
 n - a scroll of fear {unknown}
 o - a scroll of enchant weapon {unknown}
 r - a scroll of blinking {unknown}
Potions
 u - a potion of curing {unknown}
Comestibles
 f - 2 bread rations
 j - 4 meat rations
 k - 2 royal jellies
 t - 3 fruits


   Skills:
 + Level 3.2 Fighting
 + Level 3.0 Maces & Flails
 + Level 3.3 Armour
 + Level 0.5 Dodging
 + Level 3.7 Shields


You had 4 spell levels left.
You didn't know any spells.

Dungeon Overview and Level Annotations

Branches:
Dungeon (2/15)

Altars:

Annotations:
D:2 Crazy Yiuf


Innate Abilities, Weirdness & Mutations

You have extremely sharp teeth.
Your natural rate of healing is unusually fast.
When hurt, damage is shared between your health and your magic reserves.
Your bite disrupts and absorbs the magic of your enemies.
Potions cannot restore your health.
You are immune to rotting.


Message History

You hit Crazy Yiuf but do no damage. You bite Crazy Yiuf, but do no damage.
Crazy Yiuf is heavily wounded.
Crazy Yiuf hits you but does no damage. You block Crazy Yiuf's attack.
Your scale mail prevents you from hitting Crazy Yiuf.
Your bite misses Crazy Yiuf.
Crazy Yiuf is heavily wounded.
Crazy Yiuf hits you with a quarterstaff of chaos!
Crazy Yiuf burns you.
You closely miss Crazy Yiuf.
Crazy Yiuf is heavily wounded.
Crazy Yiuf hits you with a quarterstaff of chaos!
You are poisoned.
Your shield and scale mail prevent you from hitting Crazy Yiuf.
Your bite misses Crazy Yiuf.
Crazy Yiuf is heavily wounded.
You feel sick.
Crazy Yiuf hits you with a quarterstaff of chaos.
* * * LOW HITPOINT WARNING * * *
You are electrocuted!
You die...

####.###......#.....#####.##
#### #)#
###....#......)รท....# ...#
#.# #..#####.#######.## ##.#
####.# #### ### #.# .#.#
#....# #.# .#.# #.#..#
######## #.# .#.# #....#
#### ###)#)...## #.## ...#
#....# #)))##))#).....###>..
.### #....#
#.)g@)####......####.
.#####.#..# #)))###
##.....###.. ..).......#
#### ####.+..... .###.###.##
#.####.. .# #.##.## ### #..
.# #.#.## ### ##### #.# .#
#.##.###.# #...# #.# .#
#.###.#.## ##'## #.# .# #.#
##.## #.# #..


You could see Crazy Yiuf.

Vanquished Creatures
  An ogre (D:2)
  Terence (D:2)
  3 adders (D:2)
  A worm (D:2)
  A dart slug (D:1)
  3 leopard geckos
  2 giant cockroaches
  7 goblins
  3 hobgoblins
  5 jackals
  A ball python (D:2)
  6 bats
  3 frilled lizards
  3 kobolds
  3 rats
43 creatures vanquished.

Notes
Turn   | Place    | Note
-------+----------+-------------------------------------------
     0 | D:1      | Ghella the Vine Stalker Fighter began the quest for the Orb.
     0 | D:1      | Reached XP level 1. HP: 11/11 MP: 2/2
   400 | D:1      | Reached XP level 2. HP: 16/16 MP: 3/3
   794 | D:1      | Reached XP level 3. HP: 19/20 MP: 4/4
  1227 | D:2      | Noticed an ogre
  1243 | D:2      | Killed an ogre
  1243 | D:2      | Gained mutation: Your natural rate of healing is unusually fast. [Vine Stalker growth]
  1243 | D:2      | Reached XP level 4. HP: 10/24 MP: 5/5
  1243 | D:2      | Reached XP level 5. HP: 11/28 MP: 6/6
  1424 | D:2      | Noticed Terence
  1450 | D:2      | Killed Terence
  1660 | D:2      | Found a runed door.
  1743 | D:2      | Noticed Crazy Yiuf
  1750 | D:2      | Slain by Crazy Yiuf

Vault maps used:
D:1:      eino_arrival_cavern_a
D:2:      uniq_terence, uniq_crazy_yiuf_cottage

Skill      XL: |  1  2  3  4  5 |
---------------+----------------+-----
Fighting       | 3 |  3.2
Shields        | 3 |  3.7
Maces & Flails | 2 3 |  3.0
Armour         | 3 |  3.3
Dodging        | |  0.5

Action                   |  1- 3 |  4- 6 || total
-------------------------+-------+-------++-------
Melee: Flail             |    96 |    48 ||   144
       Bite              |    22 |    13 ||    35
  Use: Potion            |     1 |     1 ||     2
  Eat: Chunk             |     1 |     2 ||     3
Armor: Scale mail        |    52 |    16 ||    68
Dodge: Dodged            |    32 |    10 ||    42
       Deflected         |     2 |       ||     2
Block: Shield            |    50 |    34 ||    84

Table legend:
 A = Spawn XP
 B = Non-spawn XP
 C = Spawn XP percentage of total XP
 D = Spawn monster count
 E = Non-spawn monster count
 F = Spawn count percentage of total count
 G = Total turns spent on level
                    A         B        C        D         E        F      G
               +---------+---------+-------+---------+---------+-------+---------
         Total |       0 |     271 |   0.0 |       0 |      43 |   0.0 |  1750
               +---------+---------+-------+---------+---------+-------+---------
           D:1 |       0 |      37 |   0.0 |       0 |      21 |   0.0 |   946
           D:2 |       0 |     234 |   0.0 |       0 |      22 |   0.0 |   804
               +---------+---------+-------+---------+---------+-------+---------
